 Dungeon Crawl Stone Soup version 0.28.0-45-g0d030f2227 (webtiles) character file.

Game seed: 1134491212570392347

4582 psko the Thaumaturge (level 10, 0/47 HPs)
             Began as a Spriggan Conjurer on Apr 24, 2022.
             Was a Follower of Qazlal.
             Killed from afar by Harold (11 damage)
             ... with an iceblast
             ... on level 8 of the Dungeon.
             The game lasted 01:17:22 (14408 turns).

psko the Thaumaturge (Spriggan Conjurer)           Turns: 14408, Time: 01:17:23

Health: 0/47       AC:  4    Str:  5    XL:     10   Next: 18%
Magic:  26/26      EV: 20    Int: 22    God:    Qazlal [*.....]
Gold:   354        SH:  2    Dex: 14    Spells: 13/31 levels left

rFire   . . .      SeeInvis +   r - +2 dagger (speed)
rCold   . . .      Faith    .   (no shield)
rNeg    . . .      Spirit   .   g - +2 robe {Archmagi}
rPois   .          Reflect  .   (helmet restricted)
rElec   .          Harm     .   (no cloak)
rCorr   +          Rampage  .   (gloves unavailable)
Will    +....      Archmagi +   (boots unavailable)
Stlth   +++.......              (no amulet)
HPRegen 0.15/turn               m - ring of resist corrosion
MPRegen 0.20/turn               (no ring)

@: studying Short Blades, very quick
A: very small, no large weapons, unfitting armour, see invisible, speed 3
a: Renounce Religion


You were on level 8 of the Dungeon.
You worshipped Qazlal.
Qazlal was aware of your devotion.
You visited 3 branches of the dungeon, and saw 10 of its levels.

You collected 354 gold pieces.

Inventory:

Hand Weapons
 c - a +0 short sword of draining
 d - a +2 vampiric short sword
 k - a +1 vampiric short sword
 l - a +4 short sword
 p - a +0 dagger of flaming
 q - a +2 dagger of draining
 r - a +2 dagger of speed (weapon)
 s - a +0 hand axe of freezing
 J - a +4 flail
 K - a +2 falchion
 O - a +0 whip of venom
Missiles
 o - 3 throwing nets
Armour
 g - a +2 robe of the Archmagi (worn)
 B - the +1 ring mail of the Big Bang {Drain rPois Str+8}
   (You took it off an orc on level 5 of the Dungeon)

   Str:       It affects your strength (+8).
   rPois:     It protects you from poison.
   Drain:     It drains your maximum health when unequipped.
 G - a +0 robe of fire resistance
Magical Staves
 j - a staff of fire
 D - a staff of earth
Jewellery
 m - a ring of resist corrosion (left hand)
 y - a ring of resist corrosion
 N - a ring of protection from cold
Wands
 e - a wand of polymorph (5)
 F - a wand of acid (7)
Scrolls
 b - a scroll of blinking
 f - 2 scrolls of fear
 h - 2 scrolls of enchant armour
 i - a scroll of vulnerability {unknown}
 w - a scroll of brand weapon {unknown}
 A - 3 scrolls of teleportation {unknown}
 C - a scroll of amnesia {unknown}
 L - a scroll of identify
 M - a scroll of immolation {unknown}
Potions
 a - a potion of magic {unknown}
 n - 2 potions of resistance
 t - 3 potions of flight
 u - a potion of might
 v - 3 potions of curing
 x - a potion of attraction {unknown}
 z - 2 potions of degeneration {unknown}
 E - 2 potions of heal wounds {unknown}
 H - a potion of brilliance {unknown}
 I - 2 potions of lignification {unknown}
 P - a potion of mutation {unknown}


   Skills:
 + Level 2.5 Fighting
 + Level 4.3 Short Blades
 + Level 0.1 Staves
 + Level 6.7 Dodging
 + Level 5.4 Stealth
 + Level 0.1 Shields
 + Level 11.1 Spellcasting
 + Level 7.7 Conjurations


You had 13 spell levels left.
You knew the following spells:

 Your Spells              Type           Power      Damage    Failure   Level
a - Magic Dart            Conj           100%       1d8       1%          1
b - Searing Ray           Conj           100%       2d8       1%          2
c - Conjure Flame         Conj/Fire      44%        6-21      3%          3
d - Animate Skeleton      Necr           36%        N/A       5%          1
e - Flame Wave            Conj/Fire      44%        2d10      11%         4
f - Inner Flame           Hex/Fire       18%        N/A       16%         3
g - Fulminant Prism       Conj/Hex       22%        3d13      11%         4

Your spell library contained the following spells:

 Spells                   Type           Power      Damage    Failure   Level
 Foxfire                  Conj/Fire      100%       2x1d9     1%          1
 Shock                    Conj/Air       100%       1d9       1%          1
 Dazzling Flash           Conj/Hex       88%        N/A       3%          3
 Pain                     Necr           72%        1d7       5%          1
 Iskenderun's Mystic Bla  Conj/Tloc      44%        2d10      11%         4
 Gell's Gravitas          Tloc           18%        N/A       16%         3
 Lesser Beckoning         Tloc           18%        N/A       16%         3
 Swiftness                Air            18%        N/A       16%         3
 Teleport Other           Tloc           18%        N/A       16%         3
 Vampiric Draining        Necr           18%        2d7       16%         3
 Airstrike                Air            9%         N/A       47%         4
 Cause Fear               Hex            9%         N/A       47%         4
 Discord                  Hex            9%         N/A       100%        8


Dungeon Overview and Level Annotations

Branches:
Dungeon (8/15)             Temple (1/1) D:4            Lair (1/6) D:8

Altars:
Ashenzari
Cheibriados
Dithmenos
Fedhas
Gozag
Hepliaklqana
Kikubaaqudgha
Makhleb
Nemelex Xobeh
Okawaru
Qazlal
Ru
Sif Muna
Trog
Uskayaw
Vehumet
Wu Jian
Xom
Yredelemnul
Zin
The Shining One

Shops:
D:1 [   D:6 *   D:7 *

Annotations:
D:8 Harold, Pikel


Innate Abilities, Weirdness & Mutations

You are very small and have problems with some larger weapons.
You are too small for most types of armour.
You have supernaturally acute eyesight. (SInv)
You cover ground extremely quickly. (Speed+++)


Message History

Restarting spell: Searing Ray (safe; 1% risk of failure)
Press: ? - help, Shift-Dir - straight line, f/p - lemure
Aim: a lemure (almost dead, 79% to hit)
You feel a surge of power!
The searing ray misses the lemure. (Press . to maintain the ray.)
The lemure hits you but does no damage.
Casting: Searing Ray (safe; 1% risk of failure)
Confirm with . or Enter, or press ? or * to list all spells.
Restarting spell: Searing Ray (safe; 1% risk of failure)
Press: ? - help, Shift-Dir - straight line, f/p - lemure
Aim: a lemure (almost dead, 79% to hit)
You feel a surge of power!
The searing ray misses the lemure. (Press . to maintain the ray.)
You block the lemure's attack.
Casting: Searing Ray (safe; 1% risk of failure)
Confirm with . or Enter, or press ? or * to list all spells.
Restarting spell: Searing Ray (safe; 1% risk of failure)
Press: ? - help, Shift-Dir - straight line, f/p - lemure
Aim: a lemure (almost dead, 79% to hit)
You feel a surge of power!
The searing ray hits the lemure!
You kill the lemure!
That felt strangely unrewarding. (Press . to maintain the ray.)
You start resting.
Magic restored.
Unknown command.
There is a stone staircase leading up, spattered with blood here.
There is a stone staircase leading up here.
You see here a wolf skeleton.
Harold fires a harpoon shot at you. The harpoon shot hits you!
You are yanked forward by the harpoon shot.
Harold says, "Listen, it's nothing personal.
It's just a job."
Harold zaps a wand.
The mass of ice explodes!
The iceblast engulfs you! Harold fires a harpoon shot at you.
The harpoon shot hits you!
* * * LOW HITPOINT WARNING * * *
You are yanked forward by the harpoon shot.
Harold zaps a wand.
The mass of ice explodes!
The iceblast engulfs you!
You die...

....##.###..#########.......#####
<.).'...(...........≈≈≈≈≈≈......#
....####.#..≈.≈.≈..≈≈≈≈≈≈≈......#
....'>.(.....≈≈..≈≈≈≈≈≈≈≈≈...≈...
....#.##.#...≈≈≈.≈≈≈≈≈≈≈≈≈≈≈≈≈..#
.......#.#...≈≈≈≈≈≈≈≈≈≈≈≈≈≈≈.≈..#
.......#.#..≈≈≈≈≈≈..≈≈≈≈.≈≈≈≈....
+###..<.....≈≈≈≈≈≈≈≈....≈≈≈≈≈....
+....÷.......@§@...>..≈≈≈≈....
#........≈≈≈≈≈≈≈.≈...≈≈≈.≈≈≈.#
...............≈≈≈≈...≈..≈≈≈....#
#########...≈≈≈≈≈≈≈≈≈..≈≈≈≈......
#....≈≈≈≈≈≈≈≈≈≈≈≈=≈≈.....
##....≈≈≈..≈≈≈≈≈≈÷.≈.....
#...........≈..≈...≈....
#...........≈...........
######..................


You could see Harold.

Vanquished Creatures
  A troll (D:8)
  Grinder (D:4)
  A shadow (D:7)
  5 yaks
  Menkaure (D:5)
  2 water moccasins
  Duvessa (D:4)
  2 black bears
  An ice beast (D:6)
  A necrophage (D:7)
  3 ogres
  4 wolves (D:8)
  A centaur (D:8)
  3 phantoms (D:5)
  3 lemures (D:8)
  2 bullfrogs (D:7)
  A scorpion (D:6)
  Dowan (D:4)
  4 electric eels (D:8)
  4 wights (D:7)
  A bullfrog zombie (D:7)
  2 centaur zombies (D:7)
  4 jellies
  5 hounds
  6 orc priests
  Natasha (D:3)
  An iguana (D:4)
  5 orc wizards
  A killer bee zombie (D:7)
  Robin (D:2)
  7 adders
  4 gnolls (D:3)
  A howler monkey skeleton (D:6)
  2 white imps
  3 ufetubi
  2 dart slugs
  26 orcs
  6 ball pythons
  10 endoplasms
  A giant cockroach (D:1)
  7 hobgoblins
  4 jackals (D:4)
  14 kobolds
  A quokka (D:2)
  7 bats
  3 frilled lizards
  15 goblins
  4 rats (D:2)
186 creatures vanquished.

Vanquished Creatures (collateral kills)
  An ogre (D:4)
1 creature vanquished.

Vanquished Creatures (others)
  A fulminant prism (D:8)
  2 fungi (D:1)
3 creatures vanquished.

Grand Total: 190 creatures vanquished

Notes
Turn   | Place    | Note
-------+----------+-------------------------------------------
     0 | D:1      | psko the Spriggan Conjurer began the quest for the Orb.
     0 | D:1      | Reached XP level 1. HP: 9/9 MP: 5/5
    37 | D:1      | Found Qarghyela's Antique Armour Emporium.
   227 | D:1      | Found a faded altar of an unknown god.
   361 | D:1      | Reached XP level 2. HP: 13/13 MP: 4/6
   367 | D:1      | Learned a level 2 spell: Searing Ray
   977 | D:2      | Noticed an ogre
  1111 | D:1      | Killed an ogre
  1112 | D:1      | Reached skill level 3 in Spellcasting
  1112 | D:1      | Reached XP level 3. HP: 10/16 MP: 0/8
  1112 | D:1      | Reached XP level 4. HP: 14/21 MP: 0/10
  1589 | D:2      | Reached XP level 5. HP: 24/24 MP: 8/11
  1602 | D:2      | Noticed Robin
  1700 | D:2      | Killed Robin
  1701 | D:2      | Reached skill level 1 in Short Blades
  2959 | D:3      | Reached skill level 4 in Spellcasting
  3433 | D:3      | Reached XP level 6. HP: 16/28 MP: 8/13
  3960 | D:3      | Noticed Natasha
  3970 | D:3      | Killed Natasha
  3989 | D:3      | Reached skill level 5 in Spellcasting
  4423 | D:4      | Noticed a water moccasin
  4552 | D:3      | Killed a water moccasin
  4666 | D:4      | Noticed Dowan
  4670 | D:4      | Noticed Duvessa
  4691 | D:4      | Reached XP level 7. HP: 22/32 MP: 1/16
  4754 | D:5      | Entered Level 5 of the Dungeon
  5017 | D:4      | Killed Duvessa
  5018 | D:4      | Reached skill level 6 in Spellcasting
  5018 | D:4      | Reached skill level 5 in Conjurations
  5022 | D:4      | Killed Dowan
  5165 | D:4      | Found a staircase to the Ecumenical Temple.
  5215 | Temple   | Entered the Ecumenical Temple
  5313 | Temple   | Became a worshipper of Qazlal Stormbringer
  5373 | D:4      | Reached skill level 1 in Fighting
  6445 | D:5      | Noticed Menkaure
  6618 | D:5      | Reached skill level 7 in Spellcasting
  6618 | D:5      | Reached XP level 8. HP: 16/37 MP: 5/19
  6618 | D:5      | Noticed Grinder
  7138 | D:5      | Killed Menkaure
  7525 | D:5      | Identified the +1 ring mail of the Big Bang {Drain rPois
                  | Str+8}
  7535 | D:4      | Killed Grinder
  7624 | D:4      | Reached skill level 8 in Spellcasting
  7952 | D:5      | Reached skill level 5 in Dodging
  8833 | D:6      | Reached skill level 5 in Stealth
  8998 | D:6      | Reached XP level 9. HP: 26/42 MP: 5/22
  9001 | D:6      | Reached * piety under Qazlal
  9210 | D:6      | Learned a level 3 spell: Conjure Flame
  9212 | D:6      | Learned a level 1 spell: Animate Skeleton
  9217 | D:6      | Learned a level 4 spell: Flame Wave
  9328 | D:6      | Found Xuamud's Gadget Gallery.
  9354 | D:6      | Reached skill level 9 in Spellcasting
  9827 | D:7      | Learned a level 3 spell: Inner Flame
 10147 | D:7      | Found Vaod's Fire Supplies.
 10483 | D:7      | Reached skill level 10 in Spellcasting
 10894 | D:8      | Noticed a troll
 11450 | D:8      | Found a staircase to the Lair.
 12985 | D:7      | Reached XP level 10. HP: 25/47 MP: 11/25
 13243 | D:8      | Noticed Harold
 13637 | Lair:1   | Entered Level 1 of the Lair of Beasts
 13674 | D:8      | Reached skill level 11 in Spellcasting
 14054 | D:8      | Learned a level 4 spell: Fulminant Prism
 14093 | D:8      | Noticed Pikel
 14408 | D:8      | Killed from afar by Harold

Illustrated notes

Levels and vault maps discovered:
D:1:      dpeg_arrival_water_temple_mockup, layout_loops_cross, serial_shops,
          nicolae_shop_waterfront, shapermc_ecumenical_altar_ellora,
          minmay_liquid_box
D:2:      layout_rooms, uniq_robin
D:3:      cheibrodos_pilgrimage, layout_basic, uniq_natasha
D:4:      layout_loops_cross, minmay_temple_entry_antechambers,
          minmay_splitting_lines, uniq_duvessa
D:5:      layout_loops_ring, uniq_grinder, uniq_menkaure
D:6:      layout_cave_pools, nicolae_shop_gadgets
D:7:      layout_basic, minmay_misc_feat_four_crosses, nicolae_shop_fire_sale
          [nicolae_sub_dead_trees], minmay_manual_mail
D:8:      layout_basic, erik_lair_island, uniq_harold, uniq_pikel,
          uniq_prince_ribbit1
Temple:   compressed_dpeg_circular_temple
Lair:1:   gammafunk_worm_tunnel, layout_cave_shapes, infiniplex_staircase_pool_2

Skill      XL: |  1  2  3  4  5  6  7  8  9 10 |
---------------+-------------------------------+-----
Conjurations   | 3 4 5 6 7 |  7.7
Dodging        | 3 4 5 6 |  6.7
Spellcasting   | 3 4 5 7 8 10 11 | 11.1
Short Blades   | 1 2 3 4 |  4.3
Stealth        | 4 5 |  5.4
Fighting       | 1 2 |  2.5
Staves         | |  0.1
Shields        | |  0.1

Action                   |  1- 3 |  4- 6 |  7- 9 | 10-12 || total
-------------------------+-------+-------+-------+-------++-------
Melee: Dagger            |    16 |    19 |    84 |     5 ||   124
       Short sword       |    17 |    17 |       |       ||    34
       Punch             |     2 |       |     1 |       ||     3
       Staff             |       |    18 |       |       ||    18
 Cast: Magic Dart        |    33 |   101 |   154 |    24 ||   312
       Searing Ray       |     5 |    46 |   160 |    45 ||   256
       Conjure Flame     |       |       |     1 |       ||     1
       Fulminant Prism   |       |       |       |     1 ||     1
  Use: Scroll            |       |     3 |     4 |       ||     7
       Potion            |       |       |     4 |       ||     4
 Stab: Sleeping          |     1 |       |       |       ||     1
Armor: Robe              |     4 |     2 |    15 |     2 ||    23
       Skin              |       |    21 |    12 |       ||    33
Dodge: Dodged            |    19 |    51 |   140 |    29 ||   239
Block: Other             |       |       |     4 |     4 ||     8
